 Dungeon Crawl Stone Soup version 0.20-a0-454-g2b43fbb (webtiles) character file.

280 HarleyQuinn the Ruffian (level 6, -1/39 HPs)
             Began as a Demonspawn Gladiator on Jan 8, 2017.
             Was an Initiate of Hepliaklqana.
             Slain by a gnoll
             ... wielding a +0 spear
              (2 damage)
             ... on level 4 of the Dungeon.
             The game lasted 00:04:52 (5656 turns).

HarleyQuinn the Ruffian (Demonspawn Gladiator)      Turns: 5656, Time: 00:04:52

Health: -1/39      AC:  6    Str: 16    XL:     6   Next: 5%
Magic:  6/6        EV: 12    Int: 10    God:    Hepliaklqana [......]
Gold:   159        SH:  0    Dex: 14    Spells: 5/5 levels left

rFire  + . .     SeeInvis .       - Unarmed
rCold  . . .     Gourm    .     a - +0 leather armour
rNeg   . . .     Faith    .     (no shield)
rPois  .         Spirit   .     (helmet restricted)
rElec  .         Reflect  .     (no cloak)
rCorr  .         Harm     .     (no gloves)
MR     .....                    (no boots)
Stlth  +.........               (no amulet)
                                (no ring)
                                m - +3 ring of protection

@: no status effects
A: reduced essence, horns 1, demonic guardian 1, fire resistance 1
a: Recall Ancestor, Ancestor Identity, Renounce Religion


You were on level 4 of the Dungeon.
You worshipped Hepliaklqana.
Hepliaklqana was noncommittal.
You were near starving.

You visited 1 branch of the dungeon, and saw 4 of its levels.

You collected 159 gold pieces.

Inventory:

Missiles
 c - 3 throwing nets (quivered)
 i - 8 poisoned needles
Armour
 a - a +0 leather armour (worn)
 b - a +0 helmet
Jewellery
 m - a +3 ring of protection (left hand)
Scrolls
 e - 2 scrolls of random uselessness {unknown}
 f - a scroll of blinking {unknown}
 h - 4 scrolls of identify {unknown}
 j - 2 scrolls of teleportation {unknown}
 n - a scroll of enchant weapon {unknown}
Potions
 d - a potion of lignification {unknown}
 k - a potion of curing {unknown}
 l - a potion of agility
 o - a potion of brilliance {unknown}
Comestibles
 g - a beef jerky
 p - a bread ration
 q - a slice of pizza


   Skills:
 - Level 2.0 Fighting
 - Level 1.7 Throwing
 - Level 2.6 Dodging
 + Level 6.2 Unarmed Combat


You had 5 spell levels left.
You didn't know any spells.

Dungeon Overview and Level Annotations

Branches:
Dungeon (4/15)
 Temple: D:4-7

Altars:
Ashenzari
Hepliaklqana


Innate Abilities, Weirdness & Mutations

You have a pair of small horns on your head.
A weak demonic guardian rushes to your aid.
Your flesh is heat resistant. (rF+)
Your life essence is reduced. (-10% HP)


Message History

Necuametl hits the gnoll.
The gnoll hits you with a halberd!
You closely miss the gnoll. Your headbutt misses the gnoll.
The gnoll is lightly wounded.
The gnoll hits you but does no damage.
Necuametl barely misses the gnoll.
You closely miss the gnoll.
The gnoll is lightly wounded.
The gnoll closely misses you. The gnoll hits you with a spear.
* * * LOW HITPOINT WARNING * * *
Necuametl hits the gnoll.
You strike the helpless gnoll from behind!
You hit the gnoll.
The gnoll is severely wounded.
The gnoll barely misses you. The gnoll hits you with a spear.
* * * LOW HITPOINT WARNING * * *
You barely miss the gnoll. You punch the gnoll.
The gnoll is almost dead.
Necuametl barely misses the gnoll.
The gnoll hits you with a halberd.
* * * LOW HITPOINT WARNING * * *
The gnoll hits you with a spear.
You die...

..# ##.## ## ##...##
<..##..!..##
...#.......###
....$.._.....#
#...gg..#.#
#.R@†.##.######## #
##.(.##.........# #
...###.###.........#####
#.....................
#.######.........##### #
####.##########. ...#.#
..... #.... ####.
###...####### #.


You could see the friendly Necuametl the ancestor and 2 gnolls.

Vanquished Creatures
  An ogre (D:4)
  A hound (D:4)
  An orc wizard (D:4)
  A worker ant (D:3)
  A gnoll (D:4)
  5 adders
  An adder skeleton (D:4)
  3 worms
  2 dart slugs
  6 leopard geckos
  3 orcs (D:4)
  8 bats
  2 giant cockroaches
  4 goblins
  14 hobgoblins
  3 jackals (D:2)
  A quokka (D:3)
  2 frilled lizards (D:1)
  7 kobolds
  6 rats (D:2)
72 creatures vanquished.

Vanquished Creatures (collateral kills)
  Jessica (D:2)
  An orc (D:4)
  3 bats
5 creatures vanquished.

Grand Total: 77 creatures vanquished

Notes
Turn   | Place    | Note
-------+----------+-------------------------------------------
     0 | D:1      | HarleyQuinn the Demonspawn Gladiator began the quest for the Orb.
     0 | D:1      | Reached XP level 1. HP: 16/16 MP: 1/1
   445 | D:1      | Reached skill level 3 in Unarmed Combat
   507 | D:1      | Gained mutation: A weak demonic guardian rushes to your aid. [demonic ancestry]
   507 | D:1      | Reached XP level 2. HP: 15/22 MP: 2/2
   856 | D:1      | HP: 1/22 [poisoned by an adder]
  1559 | D:2      | Reached XP level 3. HP: 3/27 MP: 3/3
  1931 | D:2      | Reached skill level 4 in Unarmed Combat
  2949 | D:2      | Noticed Jessica
  2964 | D:2      | Killed Jessica
  2964 | D:2      | Gained mutation: Your flesh is heat resistant. (rF+) [demonic ancestry]
  2964 | D:2      | Reached XP level 4. HP: 14/33 MP: 4/4
  4020 | D:3      | Reached skill level 5 in Unarmed Combat
  4329 | D:3      | Found a hazy altar of Hepliaklqana.
  4687 | D:3      | Became a worshipper of Hepliaklqana the Forgotten
  4764 | D:3      | Gained mutation: You have a pair of small horns on your head. [demonic ancestry]
  4764 | D:3      | Reached XP level 5. HP: 27/34 MP: 5/5
  5378 | D:4      | Noticed an ogre
  5388 | D:4      | Killed an ogre
  5388 | D:4      | Reached skill level 6 in Unarmed Combat
  5395 | D:4      | Reached XP level 6. HP: 24/39 MP: 6/6
  5644 | D:4      | Found a shattered altar of Ashenzari.
  5656 | D:4      | HP: 1/39 [gnoll/halberd (4)]
  5656 | D:4      | Slain by a gnoll

Vault maps used:
D:1:      enne_arrival_octagon_isle
D:2:      uniq_jessica
D:3:      overflow_temple_1_default
D:4:      nicolae_gozag_zags_fifth_avenue, lemuel_round_altar,
          nicolae_overflow_crystal_walls

Skill      XL: |  1  2  3  4  5 |
---------------+----------------+-----
Unarmed Combat | 3 4 5 6 |  6.2
Fighting       | |  2.0
Throwing       | |  1.7
Dodging        | |  2.6

Action                   |  1- 3 |  4- 6 || total
-------------------------+-------+-------++-------
Melee: Unarmed           |   140 |   192 ||   332
       Punch             |       |     2 ||     2
       Headbutt          |       |    12 ||    12
  Use: Potion            |     1 |       ||     1
 Stab: Distracted        |       |     2 ||     2
  Eat: Chunk             |     1 |     8 ||     9
       Bread ration      |     1 |       ||     1
Armor: Leather armour    |    41 |    51 ||    92
Dodge: Dodged            |   100 |   144 ||   244
